 Dungeon Crawl Stone Soup version 0.20-a0-1122-gb7cbeb9 (webtiles) character file.

167 Amnesiac the Ducker (level 5, -3/30 HPs)
             Began as a Deep Elf Ice Elementalist on May 14, 2017.
             Slain by a wraith (11 damage)
             ... in an ossuary.
             The game lasted 00:04:35 (1693 turns).

Amnesiac the Ducker (Deep Elf Ice Elementalist)     Turns: 1693, Time: 00:04:36

Health: -3/30      AC:  5    Str: 10    XL:     5   Next: 23%
Magic:  3/11       EV: 20    Int: 21    God:
Gold:   136        SH:  0    Dex: 20    Spells: 2/10 levels left

rFire    . . .     SeeInvis .   d - +1 dagger (venom)
rCold    . . .     Gourm    .   (no shield)
rNeg     . . .     Faith    .   i - +0 robe {Archmagi}
rPois    .         Spirit   .   (no helmet)
rElec    .         Reflect  .   (no cloak)
rCorr    .         Harm     .   (no gloves)
MR       .....                  (no boots)
Stlth    +++.......             (no amulet)
Regen    0.1/turn               h - ring of wizardry
MPRegen  0.2/turn               g - +3 ring of protection

@: mighty, agile, flying, slowed, very slow
A: no striking features
a: no special abilities


You were in an ossuary.
You were very hungry.

You visited 1 branch of the dungeon, and saw 4 of its levels.
You also visited: Ossuary.

You collected 136 gold pieces.

Inventory:

Hand Weapons
 d - a +1 dagger of venom (weapon)
Armour
 i - a +0 robe of the Archmagi (worn)
Jewellery
 e - an uncursed ring of fire
 g - a +3 ring of protection (right hand)
 h - a ring of wizardry (left hand)
Wands
 v - a wand of lightning (8/15)
Scrolls
 j - a scroll of identify {!r, unknown}
 m - a scroll of recharging {!r, unknown}
 n - a scroll of magic mapping {!r, unknown}
 o - 3 scrolls of amnesia {!r, unknown}
 p - a scroll of enchant armour {!r, unknown}
 r - 2 scrolls of teleportation {!r, unknown}
 x - a scroll of immolation {!r, unknown}
Potions
 s - a potion of flight {!q}
 t - a potion of might {!q}
 u - a potion of curing {!q, unknown}
 w - a potion of mutation {!q, unknown}
Books
 b - a book of Frost

   Spells                             Type                      Level
   a - Freeze                         Ice                          1
   b - Throw Frost                    Conjuration/Ice              2
   c - Ozocubu's Armour               Charms/Ice                   3
   d - Throw Icicle                   Conjuration/Ice              4
   e - Summon Ice Beast               Ice/Summoning                4
Comestibles
 a - a meat ration
 c - 2 bread rations
 f - a fruit
 k - a royal jelly


   Skills:
 + Level 1.7 Fighting
 * Level 4.8 Dodging
 - Level 2.4 Stealth
 - Level 3.0 Spellcasting
 - Level 3.1 Conjurations
 - Level 3.2 Ice Magic


You had 2 spell levels left.
You knew the following spells:

 Your Spells              Type           Power        Failure   Level  Hunger
a - Freeze                Ice            ####         1%          1    None
b - Ozocubu's Armour      Chrm/Ice       ###.....     9%          3    ###....
d - Throw Icicle          Conj/Ice       ####....     14%         4    ####...


Dungeon Overview and Level Annotations

Branches:
Dungeon (4/15)
 Temple: D:4-7

Altars:
Okawaru

Annotations:
D:2 Terence
D:4 Edmund


Message History

Aiming: Freeze
Press: ? - help, Shift-Dir - straight line, f - wraith
Aim: a wraith You feel a surge of power!
You freeze the wraith.
The wraith resists.
The wraith is lightly damaged.
The wraith hits you. The wraith drains your vigour!
You feel yourself slow down.
Casting: Freeze
Confirm with . or Enter, or press ? or * to list all spells.
Aiming: Throw Icicle
Press: ? - help, Shift-Dir - straight line, f/p - wraith
Aim: a wraith (lightly damaged)
You feel a surge of power!
The shard of ice hits the wraith.
The wraith is lightly damaged.
The wraith closely misses you.
Casting: Throw Icicle
Confirm with . or Enter, or press ? or * to list all spells.
Aiming: Throw Icicle
Press: ? - help, Shift-Dir - straight line, f/p - wraith
Aim: a wraith (lightly damaged)
You feel a surge of power!
The shard of ice hits the wraith.
The wraith partially resists.
The wraith is moderately damaged.
The wraith barely misses you. The wraith hits you!
* * * LOW HITPOINT WARNING * * *
The wraith drains your vigour!
You feel as though you will be slow longer.
Unknown command.
Really quaff
q - a potion of haste {!q}?
You feel yourself speed up. The wraith barely misses you.
The flying skull gives a hideous shriek!
A wraith opens the door.
A wight comes into view. It is wielding a dire flail.
You feel yourself speed up.
Casting: Throw Icicle
Confirm with . or Enter, or press ? or * to list all spells.
Aiming: Throw Icicle
Press: ? - help, Shift-Dir - straight line, f/p - wraith
Aim: a wraith (lightly damaged)
You feel a surge of power!
The shard of ice hits the wraith.
The wraith partially resists.
The wraith is heavily damaged.
You are feeling very hungry.
Really quaff
l - a murky sapphire potion {!q}?
It was a potion of agility {!q}.
You feel agile all of a sudden.
Really quaff
s - 2 sapphire potions {!q}?
It was a potion of flight {!q}.
You feel very buoyant.
You fly up into the air.
Really quaff
t - 2 fizzy black potions {!q}?
It was a potion of might {!q}.
You feel very mighty all of a sudden.
You swing at nothing.
Your extra speed is starting to run out.
You hit the wraith.
The wraith is heavily damaged.
The wraith hits you!
* * * LOW HITPOINT WARNING * * *
The wraith drains your vigour!
You feel yourself slow down.
You feel yourself slow down. The wraith completely misses you.
The wraith hits you!
You die...

#######'#######
#.............#
#.'##.###.##+.#
#.#z#.# #.# #.#
#.###.###.###.#
#.............#
#.............#
#.###.....###.#
#.#z#....@#z#.#
#.###....W###.#
#.............#
#.............#
#.###.###.###.#
# #.# #.#.#.#
##.###.##'.#
............#
#############


You could see a wraith.

Vanquished Creatures
  Jessica (D:3)
  2 worker ants (D:4)
  A mummy (D:4)
  4 gnolls (D:3)
  A worm (D:4)
  3 orcs (D:4)
  2 giant cockroaches
  3 goblins
  A hobgoblin (D:1)
  4 jackals
  2 kobolds (D:1)
  2 quokkas (D:3)
  A ball python skeleton (Ossuary)
  3 bats
  2 frilled lizards
  4 hobgoblin skeletons (Ossuary)
  2 hobgoblin zombies
  3 kobold zombies (Ossuary)
  2 orc zombies
  A rat (D:1)
44 creatures vanquished.

Notes
Turn   | Place    | Note
-------+----------+-------------------------------------------
     0 | D:1      | Amnesiac the Deep Elf Ice Elementalist began the quest for the Orb.
     0 | D:1      | Reached XP level 1. HP: 10/10 MP: 6/6
   140 | D:1      | Reached skill level 3 in Dodging
   244 | D:1      | Reached XP level 2. HP: 16/16 MP: 4/8
   445 | D:2      | Noticed Terence
   738 | D:3      | Reached skill level 1 in Fighting
   738 | D:3      | Reached XP level 3. HP: 20/20 MP: 5/9
   786 | D:3      | Reached skill level 4 in Dodging
   791 | D:3      | Learned a level 3 spell: Ozocubu's Armour
   800 | D:3      | Noticed Jessica
   813 | D:3      | Killed Jessica
   813 | D:3      | Reached XP level 4. HP: 25/25 MP: 4/10
   819 | D:3      | Learned a level 4 spell: Throw Icicle
  1022 | D:4      | Found an iron altar of Okawaru.
  1079 | D:4      | Noticed Edmund
  1119 | D:4      | Reached XP level 5. HP: 17/29 MP: 0/11
  1237 | D:4      | Found a sand-covered staircase.
  1330 | Ossuary  | Entered an ossuary
  1599 | Ossuary  | Noticed a wraith
  1599 | Ossuary  | Noticed a flying skull
  1639 | Ossuary  | Noticed a flying skull
  1640 | Ossuary  | Noticed a wraith
  1660 | Ossuary  | Noticed a flying skull
  1693 | Ossuary  | Slain by a wraith

Vault maps used:
D:1:      dpeg_arrival_short_road
D:2:      lemuel_blue_sif_altar, uniq_terence
D:3:      wad_woods_settlement, serial_bayou, kennysheep_generic_room_5,
          uniq_jessica
D:4:      lemuel_crystal_altar, kennysheep_okawaru_gauntlet,
          lightli_temple_of_fire, first_bread, nicolae_ossuary_entry_giza,
          minivault_19, makhleb_heckhound_becter, uniq_edmund
Ossuary:  ossuary_due_cavern

Skill      XL: |  1  2  3  4 |
---------------+-------------+-----
Dodging        | 3 4 |  4.8
Fighting       | 1 |  1.7
Conjurations   | 3 |  3.1
Stealth        | |  2.4
Spellcasting   | |  3.0
Ice Magic      | |  3.2

Action                   |  1- 3 |  4- 6 || total
-------------------------+-------+-------++-------
Melee: Dagger            |       |    66 ||    66
 Cast: Freeze            |    26 |    23 ||    49
       Throw Icicle      |       |     9 ||     9
  Use: Potion            |       |     4 ||     4
 Stab: Sleeping          |       |     5 ||     5
       Distracted        |       |     1 ||     1
  Eat: Chunk             |       |     3 ||     3
Armor: Robe              |     4 |    13 ||    17
Dodge: Dodged            |    18 |    48 ||    66
